 Dungeon Sprint DCSS version 0.31-a0-43-g46d131a48f (webtiles) character file.

Game seed: 13694122270907979839

51 rocky1 the Covered (level 3, -3/37 HPs)
             Began as a Minotaur Fighter on May 20, 2023.
             Drowned by a water elemental (7 damage)
             ... in the Dungeon (Sprint III: "The Ten Rune Challenge").
             The game lasted 00:01:46 (602 turns).

rocky1 the Covered (Minotaur Fighter)                Turns: 602, Time: 00:01:47

Health: -3/37      AC:  7    Str: 19 (20) XL:     3   Next: 58%
Magic:  2/2        EV:  9    Int:  7      God:
Gold:   19         SH:  5    Dex:  9      Spells: 2/2 levels left

rFire   . . .        a - +0 trident
rCold   . . .        c - +0 buckler
rNeg    . . .        b - +0 scale mail
rPois   .            (helmet unavailable)
rElec   .            (no cloak)
rCorr   .            (no gloves)
SInv    .            (no boots)
Will    .....        (no amulet) Stlth
                     (no ring)
HPRegen 0.26/turn    (no ring)
MPRegen 0.08/turn

%: no teleportation
@: engulfed (cannot breathe)
A: horns 3, retaliatory headbutt, deterioration 1
a: no special abilities


You were in the Dungeon.
You visited 1 branch You collected 19 gold pieces.

Inventory:

Hand Weapons
 a - a +0 trident (weapon)
Armour
 b - a +0 scale mail (worn)
 c - a +0 buckler (worn)
Scrolls
 j - a scroll of blinking
 l - a scroll of immolation {unknown}
 m - 2 scrolls of identify {unknown}
 o - a scroll of poison {unknown}
Potions
 d - a potion of might
 e - a potion of curing
 f - a potion of heal wounds
 g - 2 potions of haste
 h - 2 potions of magic
 i - a potion of berserk rage
 k - a potion of ambrosia {unknown}
 n - a potion of invisibility {unknown}
 p - a potion of lignification {unknown}


   Skills:
 + Level 5.7 Fighting
 * Level 4.0 Polearms
 + Level 6.0 Armour
 + Level 5.7 Shields


You had 2 spell levels left.
You didn't know any spells.
Your spell library was empty.

Dungeon Overview and Level Annotations

Branches:
Dungeon (1/1)

Altars:


Innate Abilities, Weirdness & Mutations

You have a pair of large horns on your head.
You reflexively headbutt those who attack you in melee.
Your body sometimes deteriorates upon taking damage.


Message History

Really quaff the potion of mutation?
You feel extremely strange.
You feel weaker.
You feel robust.
You feel the urge to shout.
Your feet thicken and deform.
Really quaff the potion of mutation?
You feel extremely strange.
Your hooves expand and flesh out into feet!
Your urge to shout disappears.
You feel vulnerable to heat.
You feel stupid.
Really quaff the potion of mutation?
You feel extremely strange.
You feel clever.
You no longer feel vulnerable to heat.
You feel stronger.
You feel vulnerable to cold.
Really quaff the potion of mutation?
You feel extremely strange.
You feel weaker.
You no longer feel vulnerable to cold.
You feel yourself wasting away. The horns on your head grow some more.
You enter the shallow water.
Moving in this stuff is going to be slow.
You open the door.
A water elemental comes into view.
You reach to attack!
You hit the water elemental.
The water elemental is moderately damaged.
You hit the water elemental but do no damage.
The water elemental is moderately damaged.
The water elemental hits you!
The water elemental engulfs you in water!
The water elemental barely misses you.
You hit the water elemental but do no damage.
The water elemental is moderately damaged.
Your lungs strain for air!
The water elemental hits you!
* * * LOW HITPOINT WARNING * * *
You hit the water elemental.
The water elemental is heavily damaged.
* * * LOW HITPOINT WARNING * * *
Your body deteriorates!
You feel weakened.
Your lungs strain for air!
You block the water elemental's attack.
You hit the water elemental but do no damage.
The water elemental is heavily damaged.
You die...

▓▓▓▓▓▓▓▓▓▓▓ ▓▓▓
<.#..'....♣♣ ♣.#
..#..#.....♣ ♣.#
#'####....♣♣ ♣.#
.†...#....~♣ ♣♣.# #+#+#
.....#...~~♣♣ .♣.#......
.....#..~~~~♣♣.♣@E.⌠....
####'#..~≈≈~~~♣♣.#...###
[....#.~~≈~~~....# ⌠.#
....)#.~≈~~~.....# .#
.....#.~~~.......# #
'#####...........#
........÷........#
▓▓▓▓▓▓▓▓▓▓▓▓▓▓▓▓▓▓


You could see a water elemental.

Vanquished Creatures
  Jessica (D)
  A human (D)
  A phantom (D)
  An endoplasm (D)
  2 rats (D)
6 creatures vanquished.

Notes
Turn   | Place    | Note
-------+----------+-------------------------------------------
     0 | D        | rocky1 the Minotaur Fighter began the quest for the Orb.
     0 | D        | Reached XP level 1. HP: 19/19 MP: 0/0
    10 | D        | Reached skill level 4 in Armour
   140 | D        | Noticed Jessica
   144 | D        | Killed Jessica
   145 | D        | Reached skill level 5 in Fighting
   145 | D        | Reached skill level 5 in Armour
   145 | D        | Reached skill level 5 in Shields
   145 | D        | Reached XP level 2. HP: 10/29 MP: 1/1
   145 | D        | Reached XP level 3. HP: 12/36 MP: 2/2
   548 | D        | Reached skill level 6 in Armour
   570 | D        | Gained mutation: You are frail. (-10% HP) [potion of
                  | mutation]
   570 | D        | Gained mutation: Your muscles are strong. (Str +4, Int/Dex
                  | -1) [potion of mutation]
   571 | D        | Lost mutation: Your muscles are strong. (Str +4, Int/Dex
                  | -1) [potion of mutation]
   571 | D        | Lost mutation: You are frail. (-10% HP) [potion of
                  | mutation]
   571 | D        | Gained mutation: You occasionally shout uncontrollably at
                  | your foes. [potion of mutation]
   571 | D        | Gained mutation: You have large cloven feet. [potion of
                  | mutation]
   572 | D        | Lost mutation: You have large cloven feet. [potion of
                  | mutation]
   572 | D        | Lost mutation: You occasionally shout uncontrollably at
                  | your foes. [potion of mutation]
   572 | D        | Gained mutation: You are vulnerable to heat. (rF-) [potion
                  | of mutation]
   572 | D        | Gained mutation: You are dopey. (Int -2) [potion of
                  | mutation]
   573 | D        | Lost mutation: You are dopey. (Int -2) [potion of mutation]
   573 | D        | Lost mutation: You are vulnerable to heat. (rF-) [potion of
                  | mutation]
   573 | D        | Gained mutation: Your muscles are strong. (Str +4, Int/Dex
                  | -1) [potion of mutation]
   573 | D        | Gained mutation: You are vulnerable to cold. (rC-) [potion
                  | of mutation]
   574 | D        | Lost mutation: Your muscles are strong. (Str +4, Int/Dex
                  | -1) [potion of mutation]
   574 | D        | Lost mutation: You are vulnerable to cold. (rC-) [potion of
                  | mutation]
   574 | D        | Gained mutation: Your body sometimes deteriorates upon
                  | taking damage. [potion of mutation]
   574 | D        | Gained mutation: You have a pair of large horns on your
                  | head. [potion of mutation]
   597 | D        | Noticed a water elemental
   602 | D        | Drowned by a water elemental

Illustrated notes

Levels and vault maps discovered:
D:        dungeon_sprint_mu [sprint_mu_entry_forest, sprint_mu_temple_rooms,
          sprint_mu_d1_horrors, sprint_mu_d2_genie, sprint_mu_d3_branching,
          sprint_mu_orc_legion, sprint_mu_elf_gauntlet, sprint_mu_hive_nellie,
          sprint_mu_lair_fedhas, sprint_mu_vaults_butterflies,
          sprint_mu_slime_circle, sprint_mu_swamp_cave, sprint_mu_shoals_kraken,
          sprint_mu_blade_basic, sprint_mu_crypt_fortress,
          sprint_mu_tomb_spiral, sprint_mu_vestibule_basic,
          sprint_mu_gehenna_hellfire, sprint_mu_dis_giant,
          sprint_mu_tartarus_statrot, sprint_mu_cocytus_islands, sprint_mu_zot1]

Skill      XL: |  1  2  3 |
---------------+----------+-----
Fighting       | 5 |  5.7
Armour         | 5 6 |  6.0
Shields        | 5 |  5.7
Polearms       | 3 4 |  4.0

Action                     || total
---------------------------++-------
  Melee: Trident           ||    33
         Headbutt          ||     4
    Use: Potion            ||     5
 Armour: Scale mail        ||     5
  Dodge: Dodged            ||     9
  Block: Buckler           ||     6

Table legend: (Time is in decaauts)
 A = Elapsed time spent in this place.
 B = Non-inter-level travel time spent in this place.
 C = Inter-level travel time spent in this place.
 D = Time resting spent in this place.
 E = Time spent auto-exploring this place.
 F = Levels seen in this place.
 G = Mean time per level.
                   A        B        C        D        E       F      G
               +--------+--------+--------+--------+--------+-----+--------+
         Total |    612 |    612 |      0 |    480 |     18 |   1 |  612.0 |
       Dungeon |    612 |    612 |      0 |    480 |     18 |   1 |  612.0 |
               +--------+--------+--------+--------+--------+-----+--------+

Top non-repeatable levels by time:
       D: 612 daAuts
